 Dungeon Crawl Stone Soup version 0.31.0-11-ge490571c62 (webtiles) character file.

Game seed: 11500943195947031334

101 javelincjr the Changeling (level 4, -2/33 HPs)
             Began as a Demonspawn Shapeshifter on Feb 8, 2024.
             Slain by an orc priest
             ... wielding a +0 whip
              (3 damage)
             ... on level 2 of the Dungeon.
             The game lasted 00:04:06 (2005 turns).

javelincjr the Changeling (Demonspawn Shapeshifter) Turns: 2005, Time: 00:04:06

Health: -2/33      AC:  4    Str: 16    XL:     4   Next: 48%
Magic:  4/4        EV: 12    Int: 11    God:
Gold:   28         SH:  0    Dex: 12    Spells: 3/3 levels left

rFire   . .          .
                       - Unarmed
rCold   . . .        (no shield)
rNeg    . . .        a - +0 animal skin
rPois   .            (helmet currently unavailable)
rElec   .            (cloak currently unavailable)
rCorr   .            (gloves currently unavailable)
SInv    .            (boots currently unavailable)
Will    .....        h - amulet of the acrobat
Stlth   +            (no ring)
HPRegen 0.25/turn    (no ring)
MPRegen 0.09/turn

%: acrobat
@: beast-form, attractive
A: beast (slay +2), yellow scales 1, weakness stinger 1
a: Begin Untransformation


You were on level 2 of the Dungeon.
You were a hulking beast.
You visited 1 branch of the dungeon, and saw 3 of its levels.

You collected 28 gold pieces.

Inventory:

Missiles
 e - 6 boomerangs (quivered)
Armour
 a - a +0 animal skin (worn)
Jewellery
 f - a ring of fire
 h - an amulet of the acrobat (around neck)
Talismans
 c - a beast talisman
 d - a flux talisman
Scrolls
 k - a scroll of teleportation {unknown}
 l - a scroll of enchant weapon {unknown}
Potions
 b - 2 potions of lignification
 g - a potion of degeneration {unknown}
 i - 2 potions of heal wounds {unknown}
 j - a potion of attraction


   Skills:
 + Level 2.1 Fighting
 + Level 2.5 Dodging
 + Level 3.2 Unarmed Combat
 * Level 3.5 Shapeshifting


You had 3 spell levels left.
You didn't know any spells.
Your spell library was empty.

Dungeon Overview and Level Annotations

Branches:
Dungeon (3/15)

Altars:

Shops:
D:1 (


Innate Abilities, Weirdness & Mutations

You are a hulking beast.
Your limbs bulge with bestial killing power. (Slay +2)
You are partially covered in yellow scales. (AC +2)
You have a small tail.


Message History

The orc priest hits you with a +0 whip. The orc hits you but does no damage.
You climb upwards.
There is a stone staircase leading down here.
You hit the orc priest but do no damage.
The orc priest is lightly wounded.
The orc hits you with a +0 dagger. The orc priest closely misses you.
You hit the orc priest but do no damage.
You tail-slap the orc priest, but do no damage.
The orc priest is lightly wounded.
The orc hits you with a +0 dagger. The orc priest closely misses you.
You barely miss the orc priest.
Your tail-slap misses the orc priest.
The orc priest is lightly wounded.
The orc hits you with a +0 dagger. The orc priest hits you with a +0 whip.
You closely miss the orc priest. You tail-slap the orc priest.
The orc priest is moderately wounded.
You hit the orc priest but do no damage.
The orc priest is moderately wounded.
The orc barely misses you.
The orc priest mumbles some strange prayers to Beogh against you.
Beogh smites you!
You hit the orc priest.
You tail-slap the orc priest, but do no damage.
The orc priest is moderately wounded.
The orc hits you but does no damage. The orc priest barely misses you.
You hit the orc priest.
The orc priest is heavily wounded.
The orc misses you.
The orc priest hits you but does no damage.
You hit the orc priest but do no damage.
The orc priest is heavily wounded.
The orc hits you but does no damage.
The orc priest mumbles some strange prayers to Beogh against you.
Beogh smites you!
* * * LOW HITPOINT WARNING * * *
It was a potion of attraction.
You feel attractive to monsters. The orc hits you with a +0 dagger.
* * * LOW HITPOINT WARNING * * *
The orc priest hits you with a +0 whip.
You die...

#.# #.#..#.#.#.#.##### #.#
#.#......#.#.#.... #.#
#.#..#.#.#.#.#.### #.#
#.#..#.#.#.#.#.### #.#
#.#...............
#.####.#....#.#.#.#.###
#....#.#..#.#.#.#.#.#
#########.#oo..#.#.#.#.#.#
#.........[h[......#.#.#.#
##.######.####.#.#.#.#.#.#
#.# #.# #.#.#.#.#.#.###
#.# #.# #.......#.#....
#.# #.# #.........#####
#.# #.# #.........### #.#
#.# #......#....## #.# #.#
#.#.......#..# #.#
#.####.#.......##.##


You could see an orc priest and an orc.

Vanquished Creatures
  An orc priest (D:2)
  2 adders (D:2)
  3 dart slugs
  2 orcs (D:2)
  3 endoplasms
  A giant cockroach (D:1)
  4 goblins
  3 hobgoblins (D:1)
  2 jackals (D:1)
  4 quokkas
  5 ball pythons
  3 bats
  4 frilled lizards
  3 kobolds
  5 rats
45 creatures vanquished.

Notes
Turn   | Place    | Note
-------+----------+-------------------------------------------
     0 | D:1      | javelincjr the Demonspawn Shapeshifter began the quest for
                  | the Orb.
     0 | D:1      | Reached XP level 1. HP: 15/15 MP: 1/1
   106 | D:1      | Gained mutation: You have a small tail. [demonic ancestry]
   106 | D:1      | Reached XP level 2. HP: 18/21 MP: 2/2
   558 | D:1      | Found Gefumn's Weapon Boutique.
   643 | D:1      | Gained mutation: You are partially covered in yellow
                  | scales. (AC +2) [demonic ancestry]
   643 | D:1      | Reached XP level 3. HP: 26/26 MP: 3/3
  1791 | D:2      | Reached XP level 4. HP: 17/33 MP: 4/4
  2005 | D:2      | HP: 1/33 [orc/+0 dagger (2)]
  2005 | D:2      | Slain by an orc priest

Illustrated notes

Levels and vault maps discovered:
D:1:      lightli_arrival_statuegarden, layout_basic, serial_shops,
          nicolae_shop_statue_plus
D:2:      layout_basic, minmay_crystal_water, nicolae_kite_square_tiling_tiny,
          kennysheep_generic_room_10
D:3:      layout_rooms, nicolae_qazlal_eye_of_the_storm, minmay_misc_feat_doors,
          ebering_dispersal_statue_hall, uniq_grinder, uniq_jessica

Skill      XL: |  1  2  3 |
---------------+----------+-----
Dodging        | 2 |  2.5
Shapeshifting  | 3 |  3.5
Unarmed Combat | 3 |  3.2
Fighting       | 2 |  2.1

Action                     |  1- 3 |  4- 6 || total
---------------------------+-------+-------++-------
  Melee: Unarmed           |   109 |    23 ||   132
         Punch             |     3 |       ||     3
         Tailslap          |    11 |     7 ||    18
  Throw: Boomerang         |       |     4 ||     4
    Use: Potion            |       |     1 ||     1
   Stab: Sleeping          |     2 |       ||     2
 Armour: Animal skin       |    47 |    23 ||    70
  Dodge: Dodged            |    57 |    13 ||    70
